 Dungeon Crawl Stone Soup version 0.31-a0-237-g2d982f9f85 (webtiles) character file.

Game seed: 5159392494880944470

1187 qw the Skirmisher (level 8, -9/49 HPs)
             Began as a Gargoyle Hexslinger on July 10, 2023.
             Was an Initiate of Okawaru.
             Killed from afar by a steam dragon (13 damage)
             ... with a ball of steam
             ... on level 6 of the Dungeon.
             The game lasted 00:02:12 (4590 turns).

qw the Skirmisher (Gargoyle Hexslinger)             Turns: 4590, Time: 00:02:12

Health: -9/49      AC: 13    Str: 12    XL:     8   Next: 43%
Magic:  6/9        EV: 20    Int: 18    God:    Okawaru [......]
Gold:   77         SH:  0    Dex: 14    Spells: 8/9 levels left

rFire   . . .        Y - +1 sling
rCold   . . .        (no shield)
rNeg    + + .        c - +1 robe of the Ego {rN+ rCorr Int+4}
rPois   inf          g - +1 helmet
rElec   +            (no cloak)
rCorr   +            k - +1 pair of gloves
SInv    .            (no boots)
Will    .....        (no amulet)
Stlth   +++          b - +5 ring of evasion
HPRegen 0.28/turn    (no ring)
MPRegen 0.11/turn

%: no passive effects
@: heroic
A: sickness immunity, AC +5, negative energy resistance 1, electricity
resistance, torment resistance 1, petrification resistance
a: Renounce Religion


You were on level 6 of the Dungeon.
You worshipped Okawaru.
Okawaru was noncommittal.
You visited 1 branch of the dungeon, and saw 6 of its levels.

You collected 167 gold pieces.
You spent 90 gold pieces at shops.


Innate Abilities, Weirdness & Mutations

You are immune to sickness and miasma.
Your stone body is resilient. (AC +5)
You are immune to poison.
You resist negative energy. (rN+)
You are resistant to electric shocks. (rElec)
You are resistant to unholy torment.
You are immune to petrification.


   Skills:
 - Level 5.1(10.1) Fighting
 + Level 8.4(13.4) Ranged Weapons
 - Level 1.9(6.9) Armour
 - Level 2.0(7.0) Dodging
 - Level 1.0 Spellcasting
 - Level 2.6 Hexes
 - Level 1.0 Invocations


You had 8 spell levels left.
You knew the following spells:

 Your Spells              Type           Power      Damage    Failure   Level
a - Slow                  Hex            40%        N/A       7%          1

Your spell library contained the following spells:

 Spells                   Type           Power      Damage    Failure   Level
 Inner Flame              Hex/Fire       5%         N/A       34%         3
 Portal Projectile        Hex/Tloc       10%        N/A       34%         3
 Cause Fear               Hex            5%         N/A       54%         4

Inventory:

Hand Weapons
 Y - a +1 sling (weapon)
Armour
 c - the +1 robe of the Ego (worn) {rN+ rCorr Int+4}
   (You found it on level 2 of the Dungeon)

   Int:       It affects your intelligence (+4).
   rN:        It protects you from negative energy.
   rCorr:     It protects you from acid and corrosion.
 e - a +0 ring mail
 g - a +1 helmet (worn)
 k - a +1 pair of gloves (worn)
Jewellery
 b - a +5 ring of evasion (left hand)
 j - a +6 ring of strength
Scrolls
 f - a scroll of identify
Potions
 a - a potion of magic
 d - a potion of might
 h - a potion of haste
 i - a potion of curing

Dungeon Overview and Level Annotations

Branches:
Dungeon (6/15)
 Temple: D:4-7

Altars:
Dithmenos
Elyvilon
Fedhas
Okawaru
Vehumet

Shops:
D:3 (*   D:4 ?

Annotations:
D:5 exclusion: oklob plant


Message History

The ball of steam hits you!
The ice beast hits you but does no damage.
You shoot a sling bullet.
The sling bullet hits the ice beast but does no damage.
The ice beast is severely wounded.
You are engulfed in a cloud of scalding steam.
The steam dragon bites you but does no damage.
The steam dragon completely misses you. The ice beast barely misses you.
You shoot a sling bullet.
The sling bullet hits the ice beast but does no damage.
The ice beast is severely wounded.
You are engulfed in a cloud of scalding steam.
You shoot a sling bullet.
The sling bullet barely misses the ice beast.
You feel like a meek peon again. The steam dragon breathes steam at you.
The ball of steam misses you. The ice beast hits you.
The ice beast freezes you.
4586 ||| INVOKING Heroism.
You gain the combat prowess of a mighty hero.
You can no longer gain great but temporary skills.
You are engulfed in a cloud of scalding steam.
The steam dragon misses you. x2; The ice beast barely misses you.
You shoot a sling bullet. The sling bullet hits the ice beast.
The ice beast is severely wounded.
The steam dragon closely misses you. The steam dragon barely misses you.
The ice beast completely misses you.
You shoot a sling bullet. The sling bullet hits the ice beast.
The ice beast is almost dead.
The steam dragon completely misses you. The steam dragon closely misses you.
The ice beast is engulfed in a cloud of scalding steam.
The ice beast dies!
You shoot a sling bullet.
The sling bullet hits the steam dragon but does no damage.
The steam dragon is moderately wounded.
You are engulfed in a cloud of scalding steam.
You shoot a sling bullet.
The sling bullet closely misses the steam dragon.
The steam dragon breathes steam at you. The ball of steam hits you!
You die...

.###.................#
. #................#
............[......##
####.....>..........#
##.<....#.....##. #
...##..###.#..# ...
.... ##.# ###..###....
.###. ..# #...D....#
...# #..@...### .#.
#.¤.#..# #¤#.#....#
#.### #++# ..# ..##
.## ..


You could see a steam dragon (catching breath).

Vanquished Creatures
  Grinder (D:3)
  Edmund (D:5)
  A phantom (D:4)
  A bullfrog (D:6)
  4 scorpions
  A howler monkey (D:4)
  2 jellies (D:5)
  A hound (D:4)
  An orc priest (D:4)
  Ijyb (D:3)
  5 orc wizards
  3 adders
  A white imp (D:5)
  An ufetubus (D:4)
  A worm (D:3)
  2 dart slugs
  19 orcs
  7 endoplasms
  4 giant cockroaches
  3 goblins
  8 hobgoblins
  2 jackals (D:3)
  4 quokkas
  5 ball pythons
  4 bats
  3 frilled lizards
  4 kobolds
  4 rats
94 creatures vanquished.

Vanquished Creatures (others)
  An ice beast (D:6)
1 creature vanquished.

Grand Total: 95 creatures vanquished

Notes
Turn   | Place    | Note
-------+----------+-------------------------------------------
     0 | D:1      | qw the Gargoyle Hexslinger began the quest for the Orb.
     0 | D:1      | Reached XP level 1. HP: 12/12 MP: 2/2
     0 | D:1      | 0 ||| qw: Version: 0.3-a-52-g30416fa
     0 | D:1      | 0 ||| qw: Game counter: 4984
     0 | D:1      | 0 ||| qw: Melee chars always use a shield: true
     0 | D:1      | 0 ||| qw: God list: Okawaru
     0 | D:1      | 0 ||| qw: Allow faded altars: false
     0 | D:1      | 0 ||| qw: Do Orc after clearing Dungeon:15 true
     0 | D:1      | 0 ||| qw: Do second Lair branch before Depths: true
     0 | D:1      | 0 ||| qw: Lair rune preference: random
     0 | D:1      | 0 ||| qw: Goals: Normal
     0 | D:1      | 0 ||| PLANNING D:1-11
   108 | D:1      | Reached XP level 2. HP: 16/16 MP: 3/3
   339 | D:1      | Reached skill level 3 in Ranged Weapons
   637 | D:1      | 637 ||| UPGRADING to +0 leather armour.
   647 | D:1      | 647 ||| DROPPING +0 robe.
   648 | D:1      | 648 ||| UPGRADING to +1 helmet.
   653 | D:1      | 653 ||| READING 2 scrolls labelled LYNAODW UPOO.
   654 | D:1      | 654 ||| READING scroll labelled HUHEVE ALOCEG.
   655 | D:1      | 655 ||| DROPPING scroll of vulnerability.
   656 | D:1      | 656 ||| DROPPING scroll of poison.
   749 | D:2      | Reached XP level 3. HP: 21/21 MP: 4/4
   777 | D:2      | Identified the +1 robe of the Ego {rN+ rCorr Int+4}
   907 | D:2      | Found a faded altar of an unknown god.
  1011 | D:2      | 1011 ||| UPGRADING to +1 robe of the Ego {rN+ rCorr Int+4}.
  1021 | D:2      | 1021 ||| UPGRADING to +1 pair of gloves.
  1026 | D:2      | 1026 ||| DROPPING amulet of magic regeneration.
  1027 | D:2      | 1027 ||| UPGRADING to +5 ring of evasion.
  1028 | D:2      | 1028 ||| READING scroll labelled QIN GEIZIAXZI.
  1029 | D:2      | 1029 ||| READING scroll labelled XECRUM ULEA.
  1034 | D:2      | 1034 ||| READING scroll labelled BIELY VIDEMIRCHI.
  1035 | D:2      | 1035 ||| DRINKING 2 glowing emerald potions.
  1102 | D:3      | Found Niela's Antique Weapon Emporium.
  1106 | D:3      | 1106 ||| SHOPLISTING orcbow (84 gold, have 51).
  1202 | D:3      | Noticed Grinder
  1230 | D:3      | Killed Grinder
  1231 | D:3      | Reached skill level 5 in Ranged Weapons
  1231 | D:3      | Reached XP level 4. HP: 12/26 MP: 5/5
  1231 | D:3      | Reached XP level 5. HP: 14/30 MP: 6/6
  1231 | D:3      | Reached XP level 6. HP: 17/35 MP: 7/7
  1333 | D:3      | Found Oceocosa's Assorted Antiques.
  1365 | D:3      | 1365 ||| SHOPLISTING 3 scrolls labelled LUFFOPROIHO (75
                  | gold, have 60).
  1365 | D:3      | 1365 ||| BUYING scroll labelled DUASMO AXYAWUN (25 gold).
  1365 | D:3      | Bought a scroll labelled DUASMO AXYAWUN for 25 gold pieces
  1365 | D:3      | 1365 ||| BUYING scroll labelled NEMIP QAOFE (25 gold).
  1365 | D:3      | Bought a scroll labelled NEMIP QAOFE for 25 gold pieces
  1746 | D:3      | Noticed Ijyb
  1773 | D:3      | Killed Ijyb
  1774 | D:3      | Reached skill level 3 in Fighting
  1806 | D:3      | Found an iron altar of Okawaru.
  1808 | D:3      | Found a radiant altar of Vehumet.
  1861 | D:3      | Found a shadowy altar of Dithmenos.
  1863 | D:3      | Found a white marble altar of Elyvilon.
  2139 | D:3      | 2139 ||| DROPPING +0 leather armour.
  2140 | D:3      | 2140 ||| READING scroll labelled DUASMO AXYAWUN.
  2140 | D:3      | 2140 ||| ACQUIRING +2 shortbow of electrocution
  2140 | D:3      | Acquired a +2 shortbow of electrocution
  2141 | D:3      | 2141 ||| READING scroll labelled NEMIP QAOFE.
  2212 | D:4      | 2212 ||| STAIRDANCE
  2228 | D:3      | Reached skill level 6 in Ranged Weapons
  2275 | D:4      | 2275 ||| STAIRDANCE
  2280 | D:4      | 2280 ||| Stepping ~*~*~tactically~*~*~ (outnumbered).
  2295 | D:4      | HP: 7/37 [orc wizard/magic dart (8)]
  2296 | D:4      | 2296 ||| READING scroll of teleportation.
  2460 | D:4      | Reached skill level 1 in Armour
  2568 | D:4      | Reached XP level 7. HP: 25/43 MP: 8/8
  2743 | D:4      | 2743 ||| Stepping ~*~*~tactically~*~*~ (outnumbered).
  2869 | D:4      | Found Zaymuiti's Magic Scroll Boutique.
  2875 | D:4      | 2875 ||| BUYING scroll of identify (20 gold).
  2875 | D:4      | Bought a scroll of identify for 20 gold pieces
  2875 | D:4      | 2875 ||| BUYING scroll of identify (20 gold).
  2875 | D:4      | Bought a scroll of identify for 20 gold pieces
  2875 | D:4      | 2875 ||| SHOPLISTING scroll of teleportation (30 gold, have
                  | 4).
  2902 | D:4      | 2902 ||| DRINKING 3 white potions.
  2903 | D:4      | 2903 ||| READING 3 scrolls of identify.
  2903 | D:4      | 2903 ||| IDENTIFYING silvery potion
  2904 | D:4      | 2904 ||| READING 2 scrolls of identify.
  2904 | D:4      | 2904 ||| IDENTIFYING brown potion
  2905 | D:4      | 2905 ||| DROPPING potion of berserk rage.
  2910 | D:4      | 2910 ||| STAIRDANCE
  2912 | D:3      | 2912 ||| PLANNING OKAWARU WORSHIP
  2919 | D:3      | Became a worshipper of Warmaster Okawaru
  2920 | D:3      | 2920 ||| PLANNING D:1-11
  3119 | D:4      | 3119 ||| Stepping ~*~*~tactically~*~*~ (outnumbered).
  3121 | D:4      | 3121 ||| Stepping ~*~*~tactically~*~*~ (outnumbered).
  3146 | D:4      | HP: 8/43 [something (3)]
  3147 | D:4      | 3147 ||| DRINKING 2 potions of heal wounds.
  3151 | D:4      | Reached skill level 7 in Ranged Weapons
  3315 | D:5      | Entered Level 5 of the Dungeon
  3332 | D:5      | 3332 ||| STAIRDANCE
  3407 | D:5      | Reached XP level 8. HP: 48/48 MP: 9/9
  3710 | D:5      | Reached skill level 8 in Ranged Weapons
  3806 | D:5      | Found a blossoming altar of Fedhas.
  3832 | D:5      | Noticed an oklob plant
  3833 | D:5      | 3833 ||| READING scroll labelled LOXEMO HONK.
  3834 | D:5      | 3834 ||| DRINKING 2 purple potions.
  4108 | D:5      | Noticed Edmund
  4122 | D:5      | HP: 9/48 [Edmund/+6 flail of draining (9)]
  4123 | D:5      | 4123 ||| DRINKING potion of heal wounds.
  4139 | D:5      | HP: 8/48 [Edmund/+6 flail of draining (8)]
  4140 | D:5      | Killed Edmund
  4140 | D:5      | Reached * piety under Okawaru
  4511 | D:5      | 4511 ||| READING 2 scrolls of identify.
  4511 | D:5      | 4511 ||| IDENTIFYING fuming green potion
  4547 | D:6      | Reached skill level 1 in Invocations
  4568 | D:6      | 4568 ||| INVOKING Heroism.
  4582 | D:6      | HP: 12/49 [steam dragon/ball of steam (13)]
  4585 | D:6      | HP: 3/49 [ice beast (6)]
  4586 | D:6      | 4586 ||| INVOKING Heroism.
  4590 | D:6      | Killed from afar by a steam dragon

Levels and vault maps discovered:
D:1:      doesnt_arrival_eight_statues, layout_loops_ring, minmay_heptomino_o4
D:2:      layout_rooms, shapermc_ecumenical_altar_venn
D:3:      layout_basic, nicolae_overflow_hidden_temple, serial_shops, shop,
          nicolae_shop_pleasant_corner_grove, uniq_ijyb, uniq_grinder
D:4:      layout_loops_ring, serial_shops, shop, glass_columns_a
D:5:      layout_loops_ring, tgw_fedhas, minmay_fountain_box,
          hangedman_decor_diamond_cutter, uniq_edmund
D:6:      layout_cave_pools, nemelex_spade_bored_becter,
          kennysheep_generic_room_4

Skill      XL: |  1  2  3  4  5  6  7  8 |
---------------+-------------------------+-----
Ranged Weapons | 3 5 6 7 8 |  8.4
Fighting       | 2 4 5 |  5.1
Armour         | 1 |  1.9
Dodging        | 2 |  2.0
Invocations    | 1 |  1.0
Spellcasting   | |  1.0
Hexes          | |  2.6

Action                     |  1- 3 |  4- 6 |  7- 9 || total
---------------------------+-------+-------+-------++-------
   Fire: Sling             |   144 |   176 |   241 ||   561
 Invoke: Heroism           |       |       |     2 ||     2
    Use: Scroll            |     5 |     3 |     4 ||    12
         Potion            |     1 |       |     4 ||     5
 Armour: Robe              |    21 |    57 |    89 ||   167
         Skin              |       |     1 |       ||     1
  Dodge: Dodged            |    46 |   119 |   139 ||   304

Table legend:
 A = Non-vault XP
 B = Vault XP
 C = Vault XP percentage of total XP
 D = Non-vault monster count
 E = Vault monster count
 F = Vault count percentage of total count
                 A         B        C        D         E       F
            +---------+---------+-------+---------+---------+-------
      Total |    1247 |     449 |  26.5 |      91 |       4 |   4.2
            +---------+---------+-------+---------+---------+-------
        D:1 |      25 |       1 |   3.8 |      14 |       1 |   6.7
        D:2 |      29 |       0 |   0.0 |      16 |       0 |   0.0
        D:3 |     161 |     290 |  64.3 |      29 |       2 |   6.5
        D:4 |     591 |       0 |   0.0 |      22 |       0 |   0.0
        D:5 |     232 |     158 |  40.5 |       8 |       1 |  11.1
        D:6 |     209 |       0 |   0.0 |       2 |       0 |   0.0
            +---------+---------+-------+---------+---------+-------
